[ AOE2 MATCH · #484467356 ]
UnrankedLithuanians vs Khmer
[ REPLAY ANALYSIS · EXTRACTED FROM THE RECORDED GAME ]
Feudal
10:56
Castle
14:29
Imperial
31:24
| APM avg | 32.0 |
| APM peak | 75 |
| eAPM avg | 16.5 |
| Villagers / military | 155 / 748 |
Focus
⚔️ 36.5% · 🌾 63.5%
Skirmisher ×485 · Knight ×147 · Hand Cannoneer ×91 · Trebuchet (Packed) ×11 · Militia ×6 · Scout Cavalry ×5
Feudal
12:02
Castle
15:17
Imperial
27:12
| APM avg | 33.9 |
| APM peak | 73 |
| eAPM avg | 23.3 |
| Villagers / military | 144 / 189 |
Focus
⚔️ 28.8% · 🌾 71.2%
Ballista Elephant ×171 · Trade Cart ×29 · Battle Elephant ×14 · Monk ×2 · Scorpion ×2
Feudal
11:42
Castle
16:28
Imperial
33:46
| APM avg | 25.5 |
| APM peak | 53 |
| eAPM avg | 18.2 |
| Villagers / military | 128 / 648 |
Focus
⚔️ 51.8% · 🌾 48.2%
Spearman ×505 · Scorpion ×83 · Battering Ram ×60
Feudal
10:18
Castle
19:05
Imperial
34:31
| APM avg | 40.4 |
| APM peak | 126 |
| eAPM avg | 32.4 |
| Villagers / military | 121 / 671 |
Focus
⚔️ 61.6% · 🌾 38.4%
Skirmisher ×329 · Spearman ×194 · Woad Raider ×85 · Mangonel ×46 · Trebuchet (Packed) ×12 · Trade Cart ×9
Feudal
12:29
Castle
15:59
Imperial
30:25
| APM avg | 16.1 |
| APM peak | 37 |
| eAPM avg | 9.6 |
| Villagers / military | 115 / 484 |
Focus
⚔️ 43.5% · 🌾 56.5%
Hand Cannoneer ×191 · Skirmisher ×170 · Genoese Crossbowman ×61 · Scout Cavalry ×58 · Mangonel ×4
Feudal
—
Castle
—
Imperial
—
| APM avg | 36.7 |
| APM peak | 120 |
| eAPM avg | 33.4 |
| Villagers / military | 162 / 691 |
Focus
⚔️ 53.6% · 🌾 46.4%
Spearman ×560 · Scorpion ×75 · Scout Cavalry ×36 · Battering Ram ×10 · Mangonel ×6 · Trebuchet (Packed) ×4
Match map
Initial resources + every placement click. Lines = walls · curves = elevation contours. ◆ gold · ⬟ stone · ● berries · ✦ relic · ◌ wall gap
Your base· ✓ Closed at 14:29 · 0t walls · 2 gate(s)
Bob Lee Chapado's base· ✓ Closed at 15:17 · 0t walls · 3 gate(s)
Le Gargalle's base· ✓ Closed at 16:28 · 47t walls · 5 gate(s)
Erickinio's base· ✓ Closed at 19:05 · 0t walls · 2 gate(s)
Joooooooooooe's base· ✓ Closed at 15:59 · 0t walls · 3 gate(s)
jscl3988's base· ✓ Closed at 14:49 · 0t walls · 2 gate(s)
Smoothed initial terrain · ◌ = detected wall gap · hover for details
Inputs per minute
— Failord - - Bob Lee Chapado
Build order — Failord
First 150 of 580 actions detected
| 0:00 | Create | Villager (Male) |
| 0:01 | Create | Villager (Male) |
| 0:02 | Build | House |
| 0:03 | Build | House |
| 0:17 | Create | Villager (Male) |
| 0:46 | Create | Villager (Male) |
| 0:47 | Create | Villager (Male) |
| 0:47 | Create | Villager (Male) |
| 1:31 | Create | Villager (Male) |
| 1:55 | Build | Lumber Camp |
| 1:57 | Create | Villager (Male) |
| 1:57 | Create | Villager (Male) |
| 2:28 | Create | Villager (Male) |
| 2:28 | Create | Villager (Male) |
| 2:52 | Create | Villager (Male) |
| 2:52 | Create | Villager (Male) |
| 3:54 | Build | House |
| 3:58 | Create | Villager (Male) |
| 4:01 | Create | Villager (Male) |
| 4:18 | Build | House |
| 4:25 | Build | Mill |
| 4:46 | Create | Villager (Male) |
| 4:46 | Create | Villager (Male) |
| 5:11 | Create | Villager (Male) |
| 5:11 | Create | Villager (Male) |
| 5:57 | Build | Mill |
| 6:12 | Create | Villager (Male) |
| 6:18 | Create | Villager (Male) |
| 6:18 | Create | Villager (Male) |
| 6:18 | Create | Villager (Male) |
| 6:19 | Create | Villager (Male) |
| 7:07 | Build | Farm |
| 7:10 | Build | Farm |
| 7:28 | Build | Farm |
| 8:24 | Build | Mining Camp |
| 8:39 | Research | Feudal Age |
| 9:00 | Build | House |
| 9:59 | Create | Villager (Male) |
| 10:00 | Create | Villager (Male) |
| 10:56 | Age | Feudal Age |
| 11:03 | Build | Market |
| 11:08 | Build | Blacksmith |
| 11:49 | Research | Castle Age |
| 11:49 | Research | Castle Age |
| 12:05 | Research | Double-Bit Axe |
| 12:08 | Research | Horse Collar |
| 13:23 | Build | Barracks |
| 13:28 | Create | Villager (Male) |
| 13:28 | Create | Villager (Male) |
| 14:15 | Create | Militia |
| 14:17 | Research | Man-at-Arms (upgrade) |
| 14:24 | Create | Militia |
| 14:25 | Create | Militia |
| 14:27 | Create | Militia |
| 14:29 | Age | Castle Age |
| 14:34 | Build | Monastery |
| 14:42 | Build | Town Center |
| 15:24 | Research | Loom |
| 15:31 | Build | House |
| 15:37 | Build | House |
| 15:38 | Build | House |
| 15:39 | Build | House |
| 15:40 | Build | House |
| 15:41 | Build | House |
| 15:56 | Create | Monk |
| 16:19 | Create | Villager (Male) |
| 16:19 | Create | Villager (Male) |
| 16:29 | Build | Town Center |
| 16:33 | Create | Villager (Male) |
| 16:33 | Create | Villager (Male) |
| 16:37 | Build | Farm |
| 16:37 | Build | Farm |
| 16:38 | Create | Villager (Male) |
| 16:55 | Create | Villager (Male) |
| 16:55 | Create | Villager (Male) |
| 17:03 | Create | Militia |
| 17:03 | Create | Militia |
| 17:22 | Create | Monk |
| 17:38 | Create | Villager (Male) |
| 17:38 | Create | Villager (Male) |
| 17:49 | Build | Town Center |
| 17:56 | Build | Farm |
| 17:56 | Build | Farm |
| 17:57 | Build | Farm |
| 18:09 | Research | Fervor |
| 18:22 | Create | Villager (Male) |
| 18:22 | Create | Villager (Male) |
| 18:37 | Create | Villager (Male) |
| 18:37 | Create | Villager (Male) |
| 18:41 | Build | House |
| 18:42 | Build | House |
| 18:44 | Build | House |
| 18:55 | Create | Villager (Male) |
| 18:55 | Create | Villager (Male) |
| 19:16 | Build | Town Center |
| 19:35 | Create | Villager (Male) |
| 19:35 | Create | Villager (Male) |
| 19:52 | Create | Villager (Male) |
| 19:52 | Create | Villager (Male) |
| 19:53 | Create | Villager (Male) |
| 20:03 | Create | Villager (Male) |
| 20:11 | Build | Mining Camp |
| 20:13 | Build | Farm |
| 20:16 | Create | Villager (Male) |
| 20:19 | Build | House |
| 20:20 | Create | Villager (Male) |
| 20:20 | Create | Villager (Male) |
| 20:49 | Create | Villager (Male) |
| 20:49 | Create | Villager (Male) |
| 20:49 | Create | Villager (Male) |
| 20:55 | Create | Monk |
| 21:10 | Create | Villager (Male) |
| 21:18 | Build | Mill |
| 21:19 | Build | Farm |
| 21:19 | Build | Farm |
| 21:19 | Build | Farm |
| 21:19 | Build | Farm |
| 21:23 | Build | Farm |
| 21:23 | Build | Farm |
| 21:23 | Build | Farm |
| 21:23 | Build | Farm |
| 21:24 | Build | Farm |
| 21:28 | Build | Farm |
| 21:28 | Build | Farm |
| 21:28 | Build | Farm |
| 21:29 | Create | Villager (Male) |
| 21:47 | Create | Villager (Male) |
| 21:52 | Create | Villager (Male) |
| 21:52 | Create | Villager (Male) |
| 21:54 | Build | House |
| 21:54 | Build | House |
| 21:56 | Build | House |
| 21:58 | Create | Villager (Male) |
| 21:58 | Create | Villager (Male) |
| 22:25 | Create | Villager (Male) |
| 22:25 | Create | Villager (Male) |
| 22:52 | Create | Villager (Male) |
| 22:52 | Create | Villager (Male) |
| 22:52 | Create | Villager (Male) |
| 23:04 | Create | Villager (Male) |
| 23:11 | Build | Farm |
| 23:11 | Build | Farm |
| 23:15 | Build | Farm |
| 23:15 | Create | Villager (Male) |
| 23:16 | Create | Villager (Male) |
| 23:22 | Build | House |
| 23:23 | Build | House |
| 23:26 | Build | University |
| 23:30 | Create | Villager (Male) |
| 23:53 | Build | Farm |
Build order — Bob Lee Chapado
First 150 of 533 actions detected
| 0:02 | Build | House |
| 0:04 | Build | House |
| 0:04 | Create | Villager (Male) |
| 0:05 | Create | Villager (Male) |
| 0:05 | Create | Villager (Male) |
| 0:20 | Create | Villager (Male) |
| 1:29 | Create | Villager (Male) |
| 1:48 | Build | Lumber Camp |
| 2:02 | Create | Villager (Male) |
| 2:26 | Create | Villager (Male) |
| 3:08 | Create | Villager (Male) |
| 3:08 | Create | Villager (Male) |
| 3:39 | Create | Villager (Male) |
| 3:42 | Build | Mill |
| 3:56 | Build | House |
| 4:27 | Create | Villager (Male) |
| 4:52 | Create | Villager (Male) |
| 4:58 | Create | Villager (Male) |
| 5:27 | Create | Villager (Male) |
| 5:42 | Build | House |
| 5:51 | Create | Villager (Male) |
| 5:53 | Create | Villager (Male) |
| 6:17 | Create | Villager (Male) |
| 6:18 | Create | Villager (Male) |
| 6:38 | Create | Villager (Male) |
| 6:39 | Create | Villager (Male) |
| 7:14 | Build | Mill |
| 7:23 | Create | Villager (Male) |
| 7:24 | Create | Villager (Male) |
| 8:00 | Create | Villager (Male) |
| 8:21 | Build | House |
| 9:04 | Research | Feudal Age |
| 9:08 | Build | Mining Camp |
| 9:42 | Create | Villager (Male) |
| 9:42 | Create | Villager (Male) |
| 10:42 | Build | Farm |
| 10:43 | Build | Farm |
| 10:52 | Build | Farm |
| 10:56 | Build | Farm |
| 11:01 | Build | Farm |
| 12:02 | Age | Feudal Age |
| 12:11 | Build | Blacksmith |
| 12:15 | Build | Market |
| 12:29 | Build | Farm |
| 12:32 | Research | Castle Age |
| 12:51 | Create | Villager (Male) |
| 12:51 | Create | Villager (Male) |
| 13:17 | Build | Lumber Camp |
| 13:31 | Build | House |
| 13:32 | Build | House |
| 13:40 | Build | Farm |
| 14:11 | Create | Villager (Male) |
| 14:12 | Create | Villager (Male) |
| 14:23 | Build | House |
| 14:49 | Research | Horse Collar |
| 14:51 | Research | Double-Bit Axe |
| 14:52 | Research | Gold Mining |
| 15:17 | Age | Castle Age |
| 15:19 | Build | Town Center |
| 15:36 | Build | House |
| 15:45 | Build | Farm |
| 16:10 | Build | Farm |
| 16:22 | Create | Villager (Male) |
| 16:22 | Create | Villager (Male) |
| 16:33 | Create | Villager (Male) |
| 16:33 | Create | Villager (Male) |
| 16:33 | Create | Villager (Male) |
| 16:34 | Create | Villager (Male) |
| 16:43 | Research | Heavy Plow |
| 17:07 | Research | Bow Saw |
| 17:11 | Build | Farm |
| 17:13 | Build | Farm |
| 17:34 | Create | Villager (Male) |
| 17:34 | Create | Villager (Male) |
| 17:43 | Build | Farm |
| 17:49 | Build | Farm |
| 17:57 | Create | Villager (Male) |
| 18:11 | Create | Villager (Male) |
| 18:12 | Create | Villager (Male) |
| 18:19 | Build | Farm |
| 18:23 | Create | Villager (Male) |
| 18:42 | Build | Farm |
| 18:44 | Create | Villager (Male) |
| 18:48 | Create | Villager (Male) |
| 18:48 | Create | Villager (Male) |
| 19:04 | Build | Town Center |
| 19:06 | Create | Villager (Male) |
| 19:07 | Create | Villager (Male) |
| 19:09 | Build | Farm |
| 19:17 | Research | Stone Mining |
| 19:33 | Create | Villager (Male) |
| 19:34 | Create | Villager (Male) |
| 19:36 | Create | Villager (Male) |
| 19:42 | Build | Barracks |
| 19:52 | Build | Farm |
| 20:04 | Build | Farm |
| 20:08 | Create | Villager (Male) |
| 20:08 | Create | Villager (Male) |
| 20:35 | Create | Villager (Male) |
| 20:37 | Create | Villager (Male) |
| 20:43 | Build | House |
| 20:44 | Build | House |
| 20:48 | Build | Farm |
| 20:56 | Build | Farm |
| 21:00 | Create | Villager (Male) |
| 21:16 | Create | Villager (Male) |
| 21:17 | Create | Villager (Male) |
| 21:18 | Build | Farm |
| 21:19 | Build | Farm |
| 21:28 | Build | Farm |
| 21:36 | Create | Villager (Male) |
| 21:45 | Build | Farm |
| 21:49 | Build | Farm |
| 22:00 | Build | Farm |
| 22:01 | Create | Villager (Male) |
| 22:01 | Create | Villager (Male) |
| 22:05 | Create | Villager (Male) |
| 22:19 | Create | Villager (Male) |
| 22:20 | Create | Villager (Male) |
| 22:21 | Create | Villager (Male) |
| 22:27 | Build | Farm |
| 22:30 | Build | Farm |
| 22:35 | Build | Farm |
| 22:36 | Build | Farm |
| 22:37 | Build | Farm |
| 22:44 | Build | House |
| 22:52 | Build | Farm |
| 23:06 | Create | Villager (Male) |
| 23:07 | Create | Villager (Male) |
| 23:08 | Create | Villager (Male) |
| 23:10 | Create | Villager (Male) |
| 23:10 | Create | Villager (Male) |
| 23:13 | Build | Farm |
| 23:18 | Build | Mining Camp |
| 23:21 | Build | House |
| 23:22 | Build | House |
| 23:25 | Create | Villager (Male) |
| 23:25 | Create | Villager (Male) |
| 23:26 | Create | Villager (Male) |
| 23:26 | Create | Villager (Male) |
| 23:27 | Create | Villager (Male) |
| 23:28 | Create | Villager (Male) |
| 23:33 | Build | Farm |
| 23:43 | Build | Farm |
| 23:55 | Create | Villager (Male) |
| 24:00 | Research | Imperial Age |
| 24:00 | Research | Imperial Age |
| 24:03 | Research | Loom |
| 24:04 | Create | Villager (Male) |
| 24:11 | Build | Lumber Camp |
Build order — Le Gargalle
First 150 of 516 actions detected
| 0:02 | Create | Villager (Male) |
| 0:02 | Create | Villager (Male) |
| 0:02 | Create | Villager (Male) |
| 0:03 | Create | Villager (Male) |
| 0:07 | Build | House |
| 0:11 | Build | House |
| 1:35 | Create | Villager (Male) |
| 2:02 | Create | Villager (Male) |
| 2:03 | Create | Villager (Male) |
| 2:03 | Create | Villager (Male) |
| 2:26 | Create | Villager (Male) |
| 2:26 | Create | Villager (Male) |
| 2:44 | Build | Lumber Camp |
| 2:48 | Create | Villager (Male) |
| 2:49 | Create | Villager (Male) |
| 2:49 | Create | Villager (Male) |
| 3:30 | Build | House |
| 3:32 | Build | House |
| 3:33 | Build | House |
| 3:39 | Create | Villager (Male) |
| 3:39 | Create | Villager (Male) |
| 3:39 | Create | Villager (Male) |
| 3:39 | Create | Villager (Male) |
| 4:03 | Build | House |
| 4:43 | Create | Villager (Male) |
| 4:43 | Create | Villager (Male) |
| 4:44 | Create | Villager (Male) |
| 5:06 | Build | Mill |
| 5:13 | Build | House |
| 5:29 | Create | Villager (Male) |
| 5:30 | Create | Villager (Male) |
| 5:58 | Create | Villager (Male) |
| 5:59 | Create | Villager (Male) |
| 6:08 | Create | Villager (Male) |
| 6:08 | Create | Villager (Male) |
| 7:02 | Create | Villager (Male) |
| 7:03 | Create | Villager (Male) |
| 7:03 | Create | Villager (Male) |
| 7:03 | Create | Villager (Male) |
| 7:03 | Create | Villager (Male) |
| 7:04 | Create | Villager (Male) |
| 7:04 | Create | Villager (Male) |
| 7:04 | Create | Villager (Male) |
| 7:40 | Build | Mill |
| 8:32 | Build | Mining Camp |
| 9:18 | Research | Feudal Age |
| 9:31 | Create | Villager (Male) |
| 11:10 | Build | Farm |
| 11:12 | Build | Farm |
| 11:13 | Build | Farm |
| 11:42 | Build | Farm |
| 11:42 | Age | Feudal Age |
| 12:02 | Build | Market |
| 12:15 | Build | Blacksmith |
| 12:18 | Create | Villager (Male) |
| 12:19 | Create | Villager (Male) |
| 13:13 | Create | Villager (Male) |
| 13:48 | Research | Castle Age |
| 13:57 | Build | Farm |
| 13:58 | Build | Farm |
| 13:59 | Build | Farm |
| 14:10 | Build | Stone Wall |
| 14:37 | Build | Stone Wall |
| 15:01 | Build | Gate |
| 15:12 | Build | Gate |
| 15:20 | Build | Stone Wall |
| 15:37 | Research | Double-Bit Axe |
| 15:39 | Research | Horse Collar |
| 16:17 | Build | Gate |
| 16:28 | Age | Castle Age |
| 16:33 | Research | Loom |
| 16:45 | Build | Town Center |
| 16:54 | Create | Villager (Male) |
| 16:55 | Create | Villager (Male) |
| 17:14 | Build | Town Center |
| 17:46 | Research | Bow Saw |
| 18:04 | Create | Villager (Male) |
| 18:05 | Create | Villager (Male) |
| 18:22 | Create | Villager (Male) |
| 18:23 | Create | Villager (Male) |
| 18:23 | Create | Villager (Male) |
| 18:24 | Create | Villager (Male) |
| 18:51 | Build | Siege Workshop |
| 19:03 | Build | House |
| 19:05 | Build | House |
| 19:06 | Build | House |
| 19:08 | Build | House |
| 19:09 | Build | House |
| 19:14 | Create | Villager (Male) |
| 19:15 | Create | Villager (Male) |
| 19:15 | Create | Villager (Male) |
| 19:31 | Create | Villager (Male) |
| 19:31 | Create | Villager (Male) |
| 19:31 | Create | Villager (Male) |
| 19:49 | Build | University |
| 20:09 | Create | Villager (Male) |
| 20:09 | Create | Villager (Male) |
| 20:09 | Create | Villager (Male) |
| 20:11 | Create | Villager (Male) |
| 20:26 | Build | Farm |
| 20:27 | Build | Farm |
| 20:28 | Build | Farm |
| 20:33 | Research | Heavy Plow |
| 20:39 | Build | Farm |
| 20:40 | Build | Farm |
| 20:43 | Build | Farm |
| 20:50 | Create | Villager (Male) |
| 20:51 | Create | Villager (Male) |
| 20:59 | Build | Farm |
| 21:00 | Build | Farm |
| 21:01 | Build | Farm |
| 21:02 | Build | Farm |
| 21:03 | Build | Farm |
| 21:10 | Create | Villager (Male) |
| 21:10 | Create | Villager (Male) |
| 21:25 | Build | House |
| 21:26 | Build | House |
| 21:28 | Build | House |
| 21:29 | Build | House |
| 21:30 | Build | House |
| 21:40 | Build | Mining Camp |
| 21:46 | Create | Villager (Male) |
| 21:46 | Create | Villager (Male) |
| 21:55 | Build | Farm |
| 21:57 | Build | Farm |
| 22:04 | Build | Farm |
| 22:05 | Build | Farm |
| 22:07 | Build | Farm |
| 22:23 | Create | Villager (Male) |
| 22:24 | Create | Villager (Male) |
| 22:25 | Create | Villager (Male) |
| 22:26 | Create | Villager (Male) |
| 22:26 | Create | Villager (Male) |
| 22:26 | Create | Villager (Male) |
| 22:31 | Build | Farm |
| 22:37 | Create | Villager (Male) |
| 22:37 | Create | Villager (Male) |
| 22:40 | Create | Villager (Male) |
| 22:40 | Create | Villager (Male) |
| 22:51 | Build | House |
| 23:01 | Research | Gold Mining |
| 23:21 | Build | Town Center |
| 23:27 | Create | Villager (Male) |
| 23:27 | Create | Villager (Male) |
| 23:27 | Create | Villager (Male) |
| 23:28 | Create | Villager (Male) |
| 23:28 | Create | Villager (Male) |
| 23:34 | Build | House |
| 23:35 | Build | House |
| 23:42 | Build | House |
Build order — Erickinio
First 150 of 991 actions detected
| 0:02 | Create | Villager (Male) |
| 0:02 | Create | Villager (Male) |
| 0:02 | Create | Villager (Male) |
| 0:04 | Build | House |
| 0:07 | Build | House |
| 0:26 | Create | Villager (Male) |
| 1:27 | Create | Villager (Male) |
| 1:27 | Create | Villager (Male) |
| 1:59 | Create | Villager (Male) |
| 1:59 | Create | Villager (Male) |
| 2:24 | Create | Villager (Male) |
| 2:25 | Create | Villager (Male) |
| 3:09 | Build | Lumber Camp |
| 3:15 | Create | Villager (Male) |
| 3:15 | Create | Villager (Male) |
| 3:47 | Create | Villager (Male) |
| 4:11 | Build | House |
| 4:13 | Build | House |
| 4:20 | Create | Villager (Male) |
| 4:37 | Build | Mill |
| 5:08 | Create | Villager (Male) |
| 5:08 | Create | Villager (Male) |
| 5:08 | Create | Villager (Male) |
| 5:32 | Create | Villager (Male) |
| 5:33 | Create | Villager (Male) |
| 6:11 | Create | Villager (Male) |
| 7:17 | Create | Villager (Male) |
| 7:25 | Create | Villager (Male) |
| 7:50 | Create | Villager (Male) |
| 7:57 | Create | Villager (Male) |
| 8:08 | Research | Feudal Age |
| 9:05 | Build | Barracks |
| 10:05 | Build | House |
| 10:06 | Build | House |
| 10:18 | Age | Feudal Age |
| 10:23 | Build | Mining Camp |
| 10:25 | Create | Villager (Male) |
| 10:25 | Create | Villager (Male) |
| 10:26 | Create | Villager (Male) |
| 10:28 | Research | Double-Bit Axe |
| 10:49 | Create | Spearman |
| 11:07 | Research | Horse Collar |
| 11:10 | Build | Farm |
| 11:18 | Build | Farm |
| 11:20 | Build | Farm |
| 11:21 | Build | Farm |
| 11:23 | Build | Farm |
| 11:26 | Build | Farm |
| 11:37 | Create | Villager (Male) |
| 11:37 | Create | Villager (Male) |
| 11:41 | Build | House |
| 11:58 | Create | Villager (Male) |
| 11:58 | Create | Villager (Male) |
| 12:04 | Build | Farm |
| 12:06 | Build | Farm |
| 12:28 | Create | Villager (Male) |
| 12:28 | Create | Villager (Male) |
| 12:40 | Build | Blacksmith |
| 12:51 | Create | Spearman |
| 13:23 | Create | Spearman |
| 13:36 | Create | Villager (Male) |
| 13:41 | Build | Market |
| 13:44 | Create | Villager (Male) |
| 14:02 | Build | Lumber Camp |
| 14:04 | Create | Villager (Male) |
| 14:04 | Create | Villager (Male) |
| 14:45 | Build | Farm |
| 15:04 | Build | House |
| 15:06 | Build | House |
| 15:09 | Create | Villager (Male) |
| 15:13 | Build | Farm |
| 15:59 | Build | Farm |
| 16:25 | Research | Castle Age |
| 16:28 | Build | Farm |
| 16:29 | Build | Farm |
| 16:30 | Build | Farm |
| 16:30 | Build | Farm |
| 16:41 | Build | Mining Camp |
| 16:50 | Research | Stone Mining |
| 17:02 | Build | House |
| 17:21 | Research | Gold Mining |
| 17:36 | Build | Archery Range |
| 17:39 | Create | Spearman |
| 19:05 | Age | Castle Age |
| 19:06 | Create | Villager (Male) |
| 19:10 | Research | Bow Saw |
| 19:18 | Build | Town Center |
| 19:26 | Build | Town Center |
| 19:31 | Create | Villager (Male) |
| 19:31 | Create | Villager (Male) |
| 19:31 | Create | Villager (Male) |
| 19:32 | Create | Villager (Male) |
| 19:37 | Research | Loom |
| 19:45 | Research | Pikeman (upgrade) |
| 19:46 | Create | Spearman |
| 20:25 | Create | Villager (Male) |
| 20:28 | Create | Villager (Male) |
| 20:29 | Create | Villager (Male) |
| 20:29 | Create | Villager (Male) |
| 20:43 | Create | Villager (Male) |
| 20:54 | Create | Villager (Male) |
| 20:54 | Create | Villager (Male) |
| 20:58 | Build | Lumber Camp |
| 21:02 | Create | Villager (Male) |
| 21:06 | Create | Villager (Male) |
| 21:08 | Create | Villager (Male) |
| 21:09 | Create | Spearman |
| 21:24 | Build | Monastery |
| 21:34 | Create | Villager (Male) |
| 21:35 | Create | Villager (Male) |
| 21:35 | Create | Villager (Male) |
| 21:44 | Build | University |
| 21:53 | Create | Villager (Male) |
| 21:53 | Create | Villager (Male) |
| 21:58 | Create | Spearman |
| 22:17 | Create | Villager (Male) |
| 22:24 | Build | Farm |
| 22:25 | Build | Farm |
| 22:26 | Build | Farm |
| 22:27 | Build | Farm |
| 22:28 | Build | Farm |
| 22:30 | Build | Farm |
| 22:35 | Create | Villager (Male) |
| 22:35 | Create | Villager (Male) |
| 22:36 | Create | Villager (Male) |
| 22:46 | Create | Monk |
| 22:52 | Build | Farm |
| 23:02 | Research | Heavy Plow |
| 23:12 | Create | Spearman |
| 23:23 | Build | House |
| 23:24 | Build | House |
| 23:25 | Build | House |
| 23:28 | Build | House |
| 23:28 | Build | House |
| 23:29 | Build | House |
| 23:42 | Build | Siege Workshop |
| 23:52 | Create | Monk |
| 23:58 | Create | Villager (Male) |
| 23:59 | Research | Wheelbarrow |
| 24:02 | Create | Villager (Male) |
| 24:03 | Create | Villager (Male) |
| 24:15 | Create | Skirmisher |
| 24:15 | Create | Skirmisher |
| 24:20 | Create | Villager (Male) |
| 24:20 | Create | Villager (Male) |
| 24:23 | Create | Villager (Male) |
| 24:48 | Build | Farm |
| 24:49 | Build | Farm |
| 24:49 | Build | Farm |
| 24:50 | Build | Farm |
Build order — Joooooooooooe
First 150 of 314 actions detected
| 0:01 | Create | Villager (Male) |
| 0:01 | Create | Villager (Male) |
| 0:02 | Create | Villager (Male) |
| 0:02 | Create | Villager (Male) |
| 0:02 | Create | Villager (Male) |
| 0:04 | Build | House |
| 0:06 | Build | House |
| 1:12 | Create | Villager (Male) |
| 1:13 | Create | Villager (Male) |
| 1:48 | Build | Lumber Camp |
| 1:57 | Create | Villager (Male) |
| 1:57 | Create | Villager (Male) |
| 2:21 | Create | Villager (Male) |
| 2:41 | Create | Villager (Male) |
| 3:08 | Create | Villager (Male) |
| 3:44 | Create | Villager (Male) |
| 3:51 | Build | House |
| 3:54 | Build | House |
| 4:14 | Create | Villager (Male) |
| 4:14 | Create | Villager (Male) |
| 4:44 | Build | Mill |
| 4:54 | Create | Villager (Male) ×2 |
| 5:19 | Create | Villager (Male) |
| 5:25 | Build | House |
| 5:41 | Create | Villager (Male) |
| 6:18 | Build | Mining Camp |
| 6:22 | Create | Villager (Male) ×3 |
| 6:47 | Build | Mill |
| 6:54 | Create | Villager (Male) |
| 6:54 | Create | Villager (Male) |
| 7:35 | Create | Villager (Male) |
| 7:36 | Create | Villager (Male) |
| 7:36 | Create | Villager (Male) |
| 7:36 | Create | Villager (Male) |
| 8:06 | Create | Villager (Male) |
| 9:10 | Research | Feudal Age |
| 10:14 | Create | Villager (Male) |
| 10:14 | Create | Villager (Male) |
| 11:24 | Build | House |
| 11:26 | Build | House |
| 11:28 | Build | House |
| 12:29 | Age | Feudal Age |
| 12:34 | Build | Market |
| 12:40 | Build | Blacksmith |
| 12:55 | Build | Farm |
| 12:56 | Build | Farm |
| 12:58 | Build | Farm |
| 12:59 | Build | Farm |
| 12:59 | Build | Farm |
| 13:01 | Build | Farm |
| 13:02 | Build | Farm |
| 13:04 | Build | Farm |
| 13:17 | Research | Castle Age |
| 13:36 | Create | Villager (Male) |
| 13:37 | Create | Villager (Male) |
| 13:56 | Build | Barracks |
| 14:24 | Research | Double-Bit Axe |
| 15:00 | Research | Horse Collar |
| 15:36 | Build | House |
| 15:59 | Age | Castle Age |
| 16:06 | Build | Town Center |
| 16:23 | Build | Farm |
| 17:00 | Build | Farm |
| 17:04 | Create | Villager (Male) |
| 17:04 | Create | Villager (Male) |
| 17:04 | Create | Villager (Male) |
| 17:25 | Build | Town Center |
| 17:30 | Create | Villager (Male) |
| 17:31 | Create | Villager (Male) |
| 18:05 | Create | Villager (Male) |
| 18:05 | Create | Villager (Male) |
| 18:30 | Create | Villager (Male) |
| 18:37 | Create | Villager (Male) ×5 |
| 18:58 | Create | Villager (Male) |
| 18:58 | Create | Villager (Male) |
| 19:00 | Create | Villager (Male) |
| 19:04 | Research | Bow Saw |
| 19:07 | Research | Heavy Plow |
| 19:21 | Build | Farm |
| 19:22 | Build | Farm |
| 19:23 | Build | Farm |
| 19:25 | Build | Farm |
| 19:36 | Create | Villager (Male) ×5 |
| 19:52 | Create | Villager (Male) |
| 20:07 | Build | House |
| 20:08 | Build | House |
| 20:09 | Build | House |
| 20:10 | Build | House |
| 20:13 | Build | House |
| 20:16 | Build | House |
| 20:20 | Create | Villager (Male) ×2 |
| 21:51 | Create | Villager (Male) ×5 |
| 21:54 | Build | Farm |
| 21:55 | Build | Farm |
| 21:58 | Create | Villager (Male) ×5 |
| 22:11 | Build | Archery Range |
| 22:13 | Build | Archery Range |
| 22:14 | Build | Archery Range |
| 22:21 | Create | Villager (Male) ×2 |
| 22:23 | Research | Loom |
| 22:41 | Build | Farm |
| 22:42 | Build | Farm |
| 22:43 | Build | Farm |
| 22:44 | Build | Farm |
| 22:46 | Build | Farm |
| 22:49 | Build | Mill |
| 23:06 | Build | Farm |
| 23:08 | Build | Farm |
| 23:11 | Create | Villager (Male) ×5 |
| 23:32 | Build | Castle |
| 23:43 | Build | Farm |
| 23:50 | Build | Farm |
| 23:53 | Create | Villager (Male) ×5 |
| 24:03 | Build | House |
| 24:05 | Build | House |
| 24:09 | Build | House |
| 24:11 | Build | House |
| 24:15 | Build | House |
| 24:26 | Build | Farm |
| 24:33 | Create | Villager (Male) ×5 |
| 24:50 | Build | Lumber Camp |
| 25:03 | Build | Farm |
| 25:05 | Build | Farm |
| 25:15 | Create | Villager (Male) ×5 |
| 25:50 | Build | Town Center |
| 26:05 | Create | Villager (Male) ×5 |
| 26:18 | Build | Farm |
| 26:23 | Build | House |
| 26:44 | Build | University |
| 26:53 | Build | Stable |
| 27:00 | Build | House |
| 27:01 | Build | House |
| 27:02 | Build | House |
| 27:03 | Build | House |
| 27:04 | Build | House |
| 27:07 | Build | House |
| 27:08 | Build | House |
| 27:09 | Build | House |
| 27:15 | Research | Imperial Age |
| 27:15 | Create | Villager (Male) ×3 |
| 27:34 | Research | Padded Archer Armor |
| 28:20 | Build | Mining Camp |
| 28:28 | Create | Villager (Male) ×5 |
| 28:47 | Create | Genoese Crossbowman ×5 |
| 28:48 | Create | Genoese Crossbowman ×5 |
| 28:49 | Create | Genoese Crossbowman ×5 |
| 28:58 | Build | Archery Range |
| 28:59 | Build | Archery Range |
| 29:01 | Build | Archery Range |
| 29:23 | Research | Wheelbarrow |
Build order — jscl3988
First 150 of 1057 actions detected
| 0:02 | Research | Loom |
| 0:02 | Create | Villager (Male) |
| 0:02 | Create | Villager (Male) |
| 0:02 | Create | Villager (Male) |
| 0:03 | Create | Villager (Male) |
| 0:03 | Create | Villager (Male) |
| 0:18 | Build | House |
| 0:50 | Build | House |
| 0:51 | Build | House |
| 0:52 | Build | House |
| 0:54 | Build | House |
| 1:28 | Create | Villager (Male) |
| 2:21 | Create | Villager (Male) |
| 2:21 | Create | Villager (Male) |
| 2:22 | Create | Villager (Male) |
| 2:43 | Create | Villager (Male) |
| 3:16 | Create | Villager (Male) |
| 3:17 | Create | Villager (Male) |
| 3:32 | Build | Mining Camp |
| 3:44 | Create | Villager (Male) |
| 3:45 | Create | Villager (Male) |
| 4:02 | Create | Villager (Male) |
| 4:02 | Create | Villager (Male) |
| 4:25 | Create | Villager (Male) |
| 4:25 | Create | Villager (Male) |
| 4:59 | Create | Villager (Male) |
| 4:59 | Create | Villager (Male) |
| 4:59 | Create | Villager (Male) |
| 5:33 | Create | Villager (Male) |
| 5:33 | Create | Villager (Male) |
| 5:34 | Create | Villager (Male) |
| 6:25 | Create | Villager (Male) |
| 6:37 | Build | Lumber Camp |
| 6:42 | Create | Villager (Male) |
| 6:43 | Create | Villager (Male) |
| 7:23 | Create | Villager (Male) |
| 8:10 | Create | Villager (Male) |
| 8:23 | Create | Villager (Male) |
| 8:23 | Create | Villager (Male) |
| 8:54 | Create | Villager (Male) |
| 9:13 | Build | Mill |
| 9:38 | Research | Feudal Age |
| 9:44 | Build | Mill |
| 11:47 | Create | Villager (Male) |
| 11:48 | Create | Villager (Male) |
| 12:20 | Research | Double-Bit Axe |
| 12:24 | Build | Blacksmith |
| 12:26 | Build | Market |
| 12:42 | Research | Horse Collar |
| 12:53 | Build | House |
| 13:01 | Create | Villager (Male) |
| 13:02 | Create | Villager (Male) |
| 13:23 | Create | Villager (Male) |
| 14:18 | Create | Villager (Male) |
| 14:49 | Research | Castle Age |
| 15:00 | Build | Farm |
| 15:02 | Build | Farm |
| 15:03 | Build | Farm |
| 15:04 | Build | Farm |
| 15:06 | Build | Farm |
| 16:00 | Create | Villager (Male) |
| 16:11 | Create | Villager (Male) |
| 16:11 | Create | Villager (Male) |
| 16:30 | Research | Stone Mining |
| 17:30 | Build | Town Center |
| 17:36 | Build | Town Center |
| 17:41 | Build | Town Center |
| 17:44 | Build | House |
| 18:19 | Create | Villager (Male) |
| 18:19 | Create | Villager (Male) |
| 18:30 | Build | House |
| 18:32 | Build | House |
| 18:42 | Create | Villager (Male) |
| 18:43 | Create | Villager (Male) |
| 18:52 | Build | Town Center |
| 18:56 | Create | Villager (Male) |
| 18:56 | Create | Villager (Male) |
| 18:56 | Create | Villager (Male) |
| 19:05 | Build | Farm |
| 19:07 | Build | Farm |
| 19:08 | Build | Farm |
| 19:24 | Build | Farm |
| 19:31 | Build | Farm |
| 19:58 | Build | Castle |
| 20:05 | Create | Villager (Male) |
| 20:06 | Create | Villager (Male) |
| 20:14 | Build | Farm |
| 20:16 | Build | Farm |
| 20:18 | Build | Farm |
| 20:19 | Build | Farm |
| 20:21 | Build | Farm |
| 20:23 | Build | Farm |
| 20:28 | Create | Villager (Male) |
| 20:29 | Create | Villager (Male) |
| 21:05 | Create | Villager (Male) |
| 21:05 | Create | Villager (Male) |
| 21:05 | Create | Villager (Male) |
| 21:26 | Build | Barracks |
| 21:28 | Build | Barracks |
| 21:33 | Create | Villager (Male) |
| 21:33 | Create | Villager (Male) |
| 21:34 | Create | Villager (Male) |
| 21:34 | Create | Villager (Male) |
| 21:34 | Create | Villager (Male) |
| 21:55 | Create | Villager (Male) |
| 21:55 | Create | Villager (Male) |
| 21:55 | Create | Villager (Male) |
| 21:57 | Create | Villager (Male) |
| 21:58 | Create | Villager (Male) |
| 22:05 | Build | Farm |
| 22:06 | Build | Farm |
| 22:08 | Build | Farm |
| 22:12 | Build | Farm |
| 22:23 | Build | Mining Camp |
| 22:34 | Create | Villager (Male) |
| 22:34 | Create | Villager (Male) |
| 22:34 | Create | Villager (Male) |
| 22:35 | Create | Villager (Male) |
| 22:45 | Build | Farm |
| 22:46 | Build | Farm |
| 22:51 | Build | Farm |
| 22:57 | Build | Farm |
| 23:01 | Build | Farm |
| 23:05 | Create | Villager (Male) |
| 23:05 | Create | Villager (Male) |
| 23:05 | Create | Villager (Male) |
| 23:05 | Create | Villager (Male) |
| 23:06 | Create | Villager (Male) |
| 23:15 | Build | House |
| 23:17 | Build | House |
| 23:18 | Build | House |
| 23:19 | Build | House |
| 23:30 | Create | Villager (Male) |
| 23:30 | Create | Villager (Male) |
| 23:30 | Create | Villager (Male) |
| 23:31 | Create | Villager (Male) |
| 23:34 | Create | Villager (Male) |
| 23:34 | Create | Villager (Male) |
| 23:46 | Build | Farm |
| 23:47 | Build | Farm |
| 23:49 | Build | Farm |
| 23:52 | Build | Farm |
| 23:53 | Build | Farm |
| 23:57 | Create | Villager (Male) |
| 23:58 | Create | Villager (Male) |
| 24:00 | Create | Villager (Male) |
| 24:01 | Create | Villager (Male) |
| 24:08 | Create | Villager (Male) |
| 24:09 | Create | Villager (Male) |
| 24:25 | Create | Villager (Male) |
Match timeline
| 9:05 | Erickinio · first_building Barracks |
| 10:18 | Erickinio · age_up feudal |
| 10:56 | Failord · age_up feudal |
| 11:42 | Le Gargalle · age_up feudal |
| 12:02 | Bob Lee Chapado · age_up feudal |
| 12:29 | Joooooooooooe · age_up feudal |
| 13:23 | Failord · first_building Barracks |
| 13:45 | Le Gargalle · first_market_sell 100 wood |
| 13:45 | jscl3988 · first_market_sell 100 stone |
| 13:56 | Joooooooooooe · first_building Barracks |
| 14:02 | jscl3988 · first_market_buy 100 food |
| 14:10 | Le Gargalle · wall_segment Stone Wall x14 |
| 14:29 | Failord · age_up castle |
| 14:34 | Failord · first_building Monastery |
| 14:37 | Le Gargalle · wall_segment Stone Wall x30 |
| 15:17 | Bob Lee Chapado · age_up castle |
| 15:20 | Le Gargalle · wall_segment Stone Wall x3 |
| 15:59 | Joooooooooooe · age_up castle |
| 16:28 | Le Gargalle · age_up castle |
| 17:36 | Erickinio · first_building Archery Range |
| 18:51 | Le Gargalle · first_building Siege Workshop |
| 19:01 | Failord · first_market_buy 100 stone |
| 19:05 | Erickinio · age_up castle |
| 19:42 | Bob Lee Chapado · first_building Barracks |
| 19:58 | jscl3988 · first_building Castle |
| 21:24 | Erickinio · first_building Monastery |
| 21:26 | jscl3988 · first_building Barracks |
| 22:04 | Joooooooooooe · first_market_sell 500 wood |
| 22:11 | Joooooooooooe · first_building Archery Range |
| 23:32 | Joooooooooooe · first_building Castle |
| 23:42 | Erickinio · first_building Siege Workshop |
| 25:01 | Failord · first_building Stable |
| 25:52 | Bob Lee Chapado · first_building Monastery |
| 26:05 | Erickinio · first_building Castle |
| 26:53 | Joooooooooooe · first_building Stable |
| 27:12 | Bob Lee Chapado · age_up imperial |
| 27:42 | Bob Lee Chapado · first_building Siege Workshop |
| 29:15 | Bob Lee Chapado · first_building Castle |
| 29:43 | Failord · first_building Archery Range |
| 30:25 | Joooooooooooe · age_up imperial |
| 31:24 | Failord · age_up imperial |
| 32:03 | Le Gargalle · first_building Castle |
| 32:22 | Le Gargalle · first_building Barracks |
| 33:46 | Le Gargalle · age_up imperial |
| 34:31 | Erickinio · age_up imperial |
| 35:12 | Failord · first_building Castle |
| 35:56 | jscl3988 · first_building Siege Workshop |
| 36:57 | Failord · first_market_sell 100 food |
| 37:54 | Erickinio · first_market_sell 100 food |
| 39:29 | Failord · wall_segment Stone Wall x9 |
| 46:27 | Erickinio · wall_segment Stone Wall x4 |
| 47:15 | Erickinio · wall_segment Stone Wall x1 |
| 48:09 | jscl3988 · tribute_sent a jugador 1 |
| 48:09 | jscl3988 · tribute_sent a jugador 2 |
| 48:09 | jscl3988 · tribute_sent a jugador 3 |
| 48:09 | jscl3988 · tribute_sent a jugador 4 |
| 48:09 | jscl3988 · tribute_sent a jugador 6 |
| 51:35 | Erickinio · first_market_buy 100 stone |
| 54:03 | jscl3988 · first_building Stable |
| 56:02 | Bob Lee Chapado · first_building Stable |
| 56:18 | jscl3988 · tribute_sent a jugador 1 |
| 56:18 | jscl3988 · tribute_sent a jugador 2 |
| 56:18 | jscl3988 · tribute_sent a jugador 3 |
| 56:18 | jscl3988 · tribute_sent a jugador 4 |
| 56:18 | jscl3988 · tribute_sent a jugador 6 |
| 57:37 | Bob Lee Chapado · wall_segment Palisade Wall x4 |
| 59:27 | Bob Lee Chapado · first_market_sell 500 wood |
| 59:56 | Failord · wall_segment Stone Wall x1 |
| 61:18 | Joooooooooooe · first_building Siege Workshop |
| 61:39 | Failord · first_building Siege Workshop |
| 63:13 | Failord · resign |
[ AI ANALYSIS · 1 CREDIT ]
What really happened in this match?
Wolo.gg analyzes every decision: build order, eco, micro, common mistakes by bracket. Personalized analysis on WhatsApp or Discord in 30 seconds.
Civ guide
Lithuanians
Perfil
Jugador #21007008